Map: Bastion of the Conclave

Players

Stiemied

  • Race: Protoss Protoss
  • League: Platinum
  • Spawn Location: 12:00

Hepzibah

  • Race: Terran Terran
  • League: Diamond
  • Spawn Location: 12:00

TheLakeshow

  • Race: Protoss Protoss
  • League: Gold
  • Spawn Location: 0:00

DarthCeaphus - Winner!

  • Race: Protoss Protoss
  • Spawn Location: 6:00

JaySlays - Winner!

  • Race: Protoss Protoss
  • Spawn Location: 6:00

Wolf - Winner!

  • Race: Terran Terran
  • League: Diamond
  • Spawn Location: 6:00

VOD

Have the link to the VOD?

Description

Time

  • Played on: April 22, 2018, 12:28 a.m.
  • Length: 15:03
Show
View Real Time Build Order
Export as new Build Order

Stiemied Protoss 

Build Orders: Nexus First 

Get SALT Encoding   

  12  0:01  Probe  
  13  0:11  Probe  
  13  0:19  Probe  
  13  0:20  Pylon  
  15  0:38  Probe  
  16  0:50  Probe  
  17  1:00  Nexus  
  17  1:11  Gateway  
  17  1:15  Probe  
  18  1:25  Forge  
  18  1:32  Assimilator  
  18  1:33  Probe  
  19  1:41  Pylon, Probe  
  20  1:49  Probe  
  20  1:54  Assimilator  
  21  2:00  Probe  
  21  2:08  Photon Cannon  
  22  2:11  Probe  
  22  2:12  Probe  
  24  2:19  Probe  
  24  2:27  Cybernetics Core  
  25  2:32  Probe  
  26  2:41  Pylon  
  26  2:46  Probe  
  27  2:58  Probe  
  27  3:00  Photon Cannon  
  27  3:01  Probe  
  29  3:06  Probe  
  30  3:13  Probe  
  30  3:14  Stargate  
  30  3:19  Stargate  
  31  3:24  Probe  
  31  3:25  Pylon  
  32  3:29  Probe  
  32  3:33  Assimilator, Protoss Air Weapons Level 1  
  33  3:36  Probe  
  33  3:38  Assimilator  
  34  3:41  Probe  
  35  3:48  Probe  
  35  3:53  Probe  
  35  3:55  Void Ray  
  37  4:01  Probe  
  37  4:02  Pylon  
  38  4:06  Probe  
  43  4:14  Probe  
  44  4:19  Probe  
  45  4:25  Photon Cannon  
  45  4:28  Void Ray  
  49  4:46  Protoss Shields Level 1, Nexus  
  49  4:48  Probe x2  
  51  5:09  Probe  
  51  5:11  Fleet Beacon  
  51  5:14  Probe  
  53  5:19  Void Ray  
  57  5:27  Void Ray  
  61  5:30  Probe  
  61  5:31  Probe  
  61  5:35  Assimilator  
  63  5:46  Probe, Stargate  
  63  5:48  Probe, Stargate  
  65  5:58  Photon Cannon  
  65  5:59  Probe, Photon Cannon  
  65  6:00  Probe x2  
  68  6:07  Probe  
  68  6:08  Probe  
  69  6:11  Protoss Air Weapons Level 2  
  69  6:17  Probe, Assimilator  
  69  6:18  Probe  
  72  6:26  Probe  
  72  6:29  Probe  
  72  6:30  Probe  
  75  6:36  Carrier  
  75  6:38  Probe  
  82  6:41  Probe  
  83  6:49  Twilight Council  
  83  6:55  Pylon  
  83  6:57  Pylon  
  83  7:09  Pylon  
  83  7:13  Carrier  
  83  7:15  Probe x2  
  91  7:17  Carrier  
  97  7:26  Carrier  
  103  7:32  Protoss Shields Level 2  
  86  8:01  Carrier  
  91  8:29  Pylon  
  91  8:31  Assimilator  
  91  8:33  Pylon  
  91  8:43  Pylon  
  91  8:51  Carrier  
  97  8:57  Photon Cannon  
  97  9:00  Photon Cannon  
  97  9:01  Photon Cannon, Nexus  
  97  9:04  Carrier  
  97  9:05  Carrier  
  109  9:20  Protoss Air Weapons Level 3  
  109  10:09  Nexus  
  109  10:24  Pylon, Nexus  
  109  10:25  Pylon  
  109  10:26  Assimilator  
  109  10:27  Pylon  
  109  10:28  Assimilator  
  109  10:29  Pylon  
  109  10:41  Carrier  
  109  10:42  Carrier  
  115  10:43  Carrier  
  95  11:13  Carrier  
  79  11:57  Carrier  
  79  11:58  Carrier  
  79  12:00  Carrier  
Show
View Real Time Build Order
Export as new Build Order

Hepzibah Terran 

Build Orders: MMM Bio 

Get SALT Encoding   

  12  0:00  SCV  
  13  0:13  SCV  
  14  0:18  Supply Depot  
  14  0:25  SCV  
  15  0:29  Refinery  
  15  0:39  SCV  
  16  0:45  Barracks  
  16  0:51  SCV  
  17  1:05  SCV  
  18  1:12  Barracks  
  18  1:17  SCV  
  19  1:32  Orbital Command  
  20  1:40  Reaper  
  20  1:44  Bunker  
  20  1:55  Factory  
  20  2:07  SCV  
  21  2:10  Barracks Tech Lab  
  21  2:15  Barracks  
  21  2:25  Barracks Reactor  
  21  2:34  SCV  
  22  2:43  Refinery  
  22  2:46  SCV  
  23  2:58  Command Center  
  23  3:16  Supply Depot  
  23  3:17  Barracks Reactor, Engineering Bay  
  23  3:18  Factory Tech Lab  
  23  3:22  Stimpack  
  23  3:37  Marine x3  
  23  3:38  SCV  
  27  3:43  Starport  
  27  3:55  Marine x2  
  27  4:00  Supply Depot  
  29  4:19  SCV  
  29  4:21  Medivac  
  31  4:26  Orbital Command  
  31  4:28  Terran Infantry Weapons Level 1  
  31  4:32  Supply Depot  
  31  4:37  Marine x3, Barracks  
  34  4:42  SCV  
  35  4:53  Starport Reactor  
  35  4:54  SCV  
  35  4:55  Marine  
  37  5:06  Marine, SCV  
  39  5:20  Marine  
  39  5:21  Marine x3  
  41  5:23  SCV, Combat Shields  
  41  5:24  Marine, SCV  
  41  5:27  Marine  
  47  5:32  Medivac  
  47  5:35  SCV  
  50  5:36  SCV  
  50  5:38  Marine  
  52  5:56  Marine x5  
  58  5:57  Siege Tank  
  58  5:59  Barracks Reactor  
  60  6:04  Barracks, Medivac  
  60  6:07  Barracks  
  62  6:34  Marine  
  62  6:37  Marine  
  62  6:38  SCV  
  62  6:53  Supply Depot  
  62  6:55  Supply Depot  
  62  6:56  Supply Depot  
  62  7:01  Marine x4, Medivac x2  
  70  7:14  Marine x3  
  70  7:15  SCV  
  74  7:18  Marine x4  
  78  7:27  Terran Infantry Armor Level 1  
  76  7:32  Marine x3  
  76  7:36  Marine  
  77  7:39  Marine x3  
  77  7:40  Siege Tank  
  83  7:45  Barracks Tech Lab  
  83  7:50  Marine x3  
  86  7:51  Barracks Reactor, Refinery  
  86  8:13  Siege Tank  
  89  9:03  Marine x3  
  89  9:04  Marine x2  
  94  9:10  Supply Depot  
  94  9:12  Supply Depot x2  
  94  9:15  Supply Depot  
  94  9:31  Marine x5  
  94  9:32  Siege Tank  
  94  9:33  Marine x5  
  78  9:49  Marine x5  
  78  9:51  Marine x5  
  75  10:04  Siege Tank  
  75  10:07  Marine x5, Armory  
  78  10:09  Marine x5  
  78  10:11  Concussive Shells, Engineering Bay  
  78  10:13  Medivac  
  90  10:14  SCV  
  90  10:17  SCV  
  92  10:25  Marine x3  
  92  10:28  Marine x2  
  96  10:29  SCV  
  98  10:36  Marine x4  
  98  10:37  Marine  
  98  10:41  Siege Tank  
  106  10:43  Marine x2  
  62  11:22  Marine  
  62  11:23  Marine x9  
  62  11:24  Siege Tank  
  54  11:40  Marine x4  
  54  11:41  Marine x6  
  64  11:53  Command Center  
  64  11:56  Command Center  
  64  11:58  Marine x3  
  67  12:15  Medivac x2  
  71  12:23  SCV  
  71  12:25  SCV  
  71  12:29  Terran Infantry Weapons Level 2  
  73  12:37  SCV  
  74  12:45  Medivac x2  
  60  13:14  Marine x10  
  57  13:32  Marine x10  
Show
View Real Time Build Order
Export as new Build Order

TheLakeshow Protoss 

Build Orders: Oracle Opening 

Get SALT Encoding   

  12  0:04  Probe  
  13  0:14  Pylon  
  13  0:20  Probe  
  14  0:32  Probe  
  15  0:40  Gateway  
  15  0:44  Probe  
  16  0:50  Assimilator  
  16  0:56  Probe  
  17  1:12  Probe  
  17  1:18  Assimilator  
  17  1:33  Cybernetics Core  
  17  1:36  Probe  
  18  1:44  Pylon  
  18  1:48  Probe  
  19  2:00  Probe  
  20  2:13  Probe  
  21  2:15  Stalker  
  21  2:24  Stargate  
  21  2:26  Probe  
  24  2:37  Pylon  
  24  2:42  Probe  
  25  2:58  Oracle  
  25  3:05  Probe  
  29  3:17  Stargate  
  29  3:18  Probe  
  30  3:33  Forge  
  30  3:40  Probe  
  31  3:42  Oracle  
  34  3:52  Pylon  
  34  3:55  Nexus  
  34  4:02  Oracle  
  37  4:39  Probe  
  38  5:27  Phoenix  
  37  5:36  Stalker  
  37  5:38  Phoenix  
  36  5:48  Photon Cannon  
  38  5:52  Phoenix  
  38  5:54  Fleet Beacon  
  40  6:00  Photon Cannon  
  40  6:01  Shield Battery  
  40  6:05  Phoenix  
  40  6:07  Probe  
  40  6:10  Pylon  
  43  6:12  Assimilator  
  43  6:13  Assimilator  
  43  6:16  Probe  
  44  6:19  Probe  
  44  6:20  Phoenix  
  47  6:28  Pylon  
  47  6:31  Probe  
  48  6:43  Probe  
  49  7:07  Anion Pulse-Crystals  
  49  7:15  Phoenix  
  49  7:18  Phoenix  
  53  7:25  Stargate  
  53  7:26  Probe  
  54  7:33  Probe  
  55  7:37  Stalker  
  55  7:38  Photon Cannon  
  55  7:41  Phoenix  
  59  7:45  Photon Cannon  
  59  7:48  Shield Battery  
  59  7:52  Photon Cannon  
  59  7:55  Shield Battery  
  59  7:56  Photon Cannon  
  59  7:59  Probe  
  60  8:05  Phoenix  
  62  8:12  Phoenix  
  62  8:48  Protoss Air Armor Level 1  
  62  8:49  Protoss Shields Level 1  
  62  8:55  Phoenix  
  62  8:56  Phoenix  
  62  8:57  Phoenix  
  68  9:04  Probe  
  69  9:20  Phoenix  
  69  9:21  Phoenix  
  67  10:03  Phoenix x3  
  67  10:06  Probe  
  74  10:12  Robotics Facility  
  74  10:14  Nexus  
  74  10:19  Pylon  
  74  10:26  Probe  
  75  10:29  Pylon  
  75  10:33  Pylon  
  75  10:34  Phoenix  
  77  10:49  Photon Cannon  
  77  11:04  Graviton Catapult  
  77  11:07  Photon Cannon  
  77  11:11  Carrier  
  74  11:25  Carrier  
  74  11:29  Probe  
  74  11:32  Probe  
  74  12:23  Carrier  
  74  12:26  Carrier  
  74  12:51  Carrier  
  80  13:10  Immortal  
  76  13:31  Stargate  
  76  13:33  Stargate  
  76  13:35  Stargate  
  76  13:36  Stargate  
  76  13:38  Probe  
  77  13:43  Assimilator  
  77  13:48  Assimilator  
  77  13:50  Probe  
  77  13:54  Immortal  
  94  14:02  Probe  
  95  14:14  Probe  
  74  14:47  Pylon  
Show
View Real Time Build Order
Export as new Build Order

DarthCeaphus Protoss - Winner!

Build Orders:  

Get SALT Encoding   

  12  0:01  Probe  
  13  0:13  Probe  
  14  0:20  Pylon  
  14  0:25  Probe  
  15  0:39  Probe  
  16  0:44  Assimilator  
  16  0:51  Probe  
  17  1:03  Probe  
  18  1:11  Nexus  
  18  1:22  Gateway  
  18  1:25  Probe  
  19  1:33  Probe  
  19  1:36  Assimilator  
  20  1:54  Probe  
  20  1:59  Pylon  
  21  2:06  Probe  
  22  2:11  Cybernetics Core  
  22  2:22  Probe  
  23  2:30  Probe  
  24  2:38  Pylon  
  24  2:39  Probe  
  25  2:48  Adept  
  27  2:52  Probe  
  27  2:57  Stargate  
  28  2:59  Stargate  
  28  3:04  Probe  
  29  3:11  Assimilator  
  29  3:15  Pylon  
  29  3:16  Probe  
  30  3:22  Probe  
  31  3:28  Probe  
  31  3:30  Probe  
  32  3:40  Probe x2  
  34  3:42  Void Ray  
  39  3:48  Void Ray  
  39  3:50  Probe  
  39  3:52  Probe  
  45  3:58  Probe  
  46  4:08  Probe  
  46  4:09  Assimilator  
  47  4:25  Void Ray  
  47  4:31  Void Ray  
  55  4:42  Probe  
  57  4:45  Probe  
  57  4:54  Probe  
  57  4:57  Probe  
  59  5:14  Pylon  
  59  5:17  Pylon  
  59  5:21  Stargate  
  59  5:31  Void Ray x2  
  67  5:38  Protoss Air Weapons Level 1  
  67  5:40  Probe  
  68  5:52  Probe  
  69  6:04  Probe  
  69  6:06  Oracle  
  69  6:09  Forge  
  73  6:15  Oracle  
  76  6:20  Nexus  
  76  6:22  Pylon  
  76  6:24  Pylon  
  76  6:29  Pylon  
  79  6:40  Oracle  
  61  7:28  Void Ray x3  
  73  7:32  Probe  
  74  7:44  Probe  
  75  7:56  Probe  
  76  7:58  Probe  
  77  8:07  Probe, Photon Cannon  
  77  8:08  Probe  
  77  8:11  Photon Cannon, Void Ray x2  
  87  8:16  Probe  
  87  8:17  Probe  
  88  8:20  Pylon  
  88  8:24  Probe  
  88  8:25  Probe  
  90  8:27  Protoss Air Armor Level 1  
  90  8:28  Probe  
  92  8:34  Probe  
  92  8:36  Probe  
  92  8:40  Probe  
  95  8:47  Probe  
  96  8:49  Probe  
  97  8:59  Probe  
  97  9:00  Void Ray x3  
  110  9:07  Probe  
  111  9:10  Photon Cannon  
  111  9:19  Probe  
  112  9:45  Void Ray x3  
  110  10:02  Probe  
  111  10:09  Photon Cannon  
  111  10:11  Probe  
  111  10:13  Photon Cannon  
  112  10:14  Probe  
  112  10:18  Pylon  
  112  10:21  Probe  
  114  10:23  Probe  
  114  10:25  Assimilator  
  114  10:26  Probe  
  116  10:30  Probe  
  116  10:35  Probe  
  118  10:38  Probe x2  
  118  10:39  Assimilator  
  120  10:47  Probe x2  
  121  10:51  Probe  
  111  10:59  Probe x2  
  113  11:11  Probe  
  114  11:24  Void Ray x2  
  114  11:25  Void Ray  
  118  11:34  Probe  
  118  11:37  Probe  
  118  11:38  Photon Cannon  
  120  11:41  Photon Cannon  
  120  11:46  Probe  
  121  11:49  Probe  
  122  11:57  Protoss Shields Level 1  
  122  11:58  Probe  
  123  12:01  Probe, Fleet Beacon  
  116  12:41  Void Ray  
  116  12:42  Void Ray x2  
  104  13:24  Void Ray  
  104  13:25  Void Ray x2  
  116  13:29  Stargate  
  116  13:32  Pylon  
Show
View Real Time Build Order
Export as new Build Order

JaySlays Protoss - Winner!

Build Orders: Zealot Archon 

Get SALT Encoding   

  12  0:01  Probe  
  13  0:13  Probe  
  14  0:19  Pylon  
  14  0:26  Probe  
  15  0:34  Assimilator  
  15  0:38  Probe  
  16  0:45  Gateway  
  16  0:48  Probe  
  16  0:56  Probe  
  18  1:04  Probe  
  18  1:06  Assimilator  
  19  1:17  Probe  
  20  1:29  Probe  
  21  1:41  Probe  
  21  1:45  Cybernetics Core  
  22  1:53  Probe  
  23  2:08  Pylon  
  23  2:12  Warp Gate  
  23  2:24  Nexus  
  23  2:26  Probe  
  23  2:28  Adept  
  25  2:37  Probe  
  25  2:43  Pylon  
  26  2:45  Probe  
  27  2:53  Probe  
  28  3:07  Probe  
  29  3:15  Gateway  
  29  3:19  Probe  
  30  3:20  Robotics Facility  
  30  3:31  Probe  
  31  3:37  Twilight Council  
  31  3:40  Probe  
  32  3:43  Probe  
  33  3:52  Probe  
  33  3:55  Probe, Gateway  
  35  4:04  Probe  
  35  4:07  Probe  
  30  4:18  Stalker  
  30  4:29  Probe x2  
  27  4:40  Probe x2  
  29  4:48  Probe x2  
  28  4:56  Probe x2  
  26  5:08  Probe x2  
  28  5:20  Probe x2  
  28  5:26  Stalker  
  27  5:32  Probe  
  28  5:36  Probe  
  29  5:47  Adept  
  29  6:00  Probe  
  29  6:01  Probe  
  31  6:08  Probe  
  31  6:09  Probe  
  33  6:22  Probe  
  33  6:23  Probe  
  33  6:26  Templar Archives  
  33  6:30  Probe  
  35  6:35  Probe  
  35  6:38  Probe  
  35  6:39  Adept  
  36  6:50  Probe  
  37  7:02  Probe  
  37  7:03  Probe  
  37  7:07  Forge  
  39  7:10  Probe  
  41  7:15  Probe  
  41  7:18  Probe, High Templar x2  
  41  7:19  High Templar  
  48  7:25  Pylon, Archon  
  48  7:29  Probe  
  48  7:37  Probe  
  50  7:41  Probe  
  50  7:44  Protoss Ground Weapons Level 1  
  51  7:46  Photon Cannon  
  51  7:52  Gateway, High Templar x2  
  51  7:54  Gateway, High Templar  
  51  7:58  Archon  
  57  7:59  Probe  
  57  8:00  Archon  
  58  8:06  Assimilator  
  58  8:07  Probe  
  58  8:08  Probe, Assimilator  
  58  8:09  Charge  
  60  8:17  Probe, Photon Cannon  
  60  8:19  Probe  
  61  8:20  Pylon  
  62  8:37  Pylon  
  62  8:38  Probe  
  62  8:40  Immortal  
  63  8:42  Photon Cannon  
  63  8:50  Gateway  
  67  9:03  Pylon  
  67  9:16  Zealot x5  
  77  9:21  Shield Battery  
  77  9:22  Shield Battery x2  
  77  9:32  Protoss Ground Weapons Level 2  
  77  9:40  Immortal  
  77  9:44  Zealot x2  
  77  9:45  Zealot x3  
  73  10:08  Zealot x4  
  73  10:09  Zealot  
  83  10:22  Gateway  
  83  10:24  Pylon  
  83  10:27  High Templar  
  85  10:36  Forge  
  85  10:40  Pylon  
  85  10:42  Immortal  
  89  10:44  High Templar  
  89  10:45  High Templar  
  89  10:49  Archon  
  93  10:50  Protoss Shields Level 1  
  93  11:19  High Templar x4  
  101  11:28  Archon  
  101  11:29  Archon  
  101  11:35  Pylon  
  101  11:37  Pylon  
  101  11:39  Pylon  
  101  11:42  Pylon  
  101  11:45  Protoss Ground Weapons Level 3  
  101  11:53  Immortal  
  105  11:55  Pylon  
  105  12:11  Zealot  
  105  12:12  Zealot x5  
  105  12:13  Zealot  
  119  12:22  Warp Prism  
  119  12:56  Nexus  
  83  13:18  Zealot x3  
  83  13:19  Zealot x4  
  87  13:48  Immortal  
  87  13:49  Zealot x3  
  87  13:50  Zealot  
  87  13:51  Zealot x3  
  105  14:15  High Templar x5  
  105  14:16  High Templar x2  
  119  14:19  Archon x2  
  119  14:20  Archon  
  103  15:00  Zealot x5  
Show
View Real Time Build Order
Export as new Build Order

Wolf Terran - Winner!

Build Orders: Reaper Expand, MMM Bio 

Get SALT Encoding   

  12  0:01  SCV  
  13  0:19  Supply Depot, SCV  
  14  0:31  SCV  
  15  0:43  Barracks  
  15  0:48  SCV  
  16  0:51  Refinery  
  16  1:00  SCV  
  17  1:12  SCV  
  19  1:30  Orbital Command  
  18  1:44  Command Center  
  18  1:50  Reaper  
  19  1:59  SCV  
  20  2:05  Barracks  
  20  2:25  SCV  
  20  2:28  Barracks Reactor  
  21  2:38  SCV  
  21  2:41  Refinery  
  21  2:44  Supply Depot  
  22  2:50  SCV  
  24  2:59  Orbital Command  
  24  3:02  SCV  
  24  3:06  Barracks Tech Lab  
  24  3:07  Marine x2  
  24  3:09  Factory  
  26  3:14  SCV  
  27  3:25  Marine x3  
  27  3:26  Stimpack, SCV  
  31  3:28  SCV  
  32  3:38  SCV  
  32  3:40  SCV  
  34  3:47  Marine  
  34  3:48  Marine x2  
  37  3:50  SCV  
  37  3:52  SCV  
  37  3:53  Factory Reactor  
  37  3:54  Starport  
  39  4:02  SCV  
  40  4:04  SCV  
  40  4:05  Marine x2  
  40  4:06  Marine  
  44  4:19  SCV x2  
  46  4:50  Factory Tech Lab  
  46  4:54  Supply Depot  
  46  4:55  Marine x3, Medivac x2, Supply Depot  
  53  5:12  Marine  
  54  5:15  Marine x2  
  54  5:19  Barracks x2  
  54  5:21  SCV x2  
  58  5:22  Barracks  
  58  5:26  Engineering Bay  
  58  5:28  Engineering Bay  
  58  5:30  Marine  
  58  5:33  Marine x2  
  58  5:35  Siege Tank  
  64  5:36  Medivac x2  
  64  5:39  Combat Shields  
  68  5:48  Marine  
  69  5:50  Marine  
  69  5:56  Supply Depot  
  70  5:57  Supply Depot  
  70  5:59  Supply Depot  
  70  6:01  Terran Infantry Weapons Level 1  
  70  6:07  Refinery  
  70  6:13  Barracks Tech Lab, Barracks Reactor  
  70  6:17  Marine x2  
  70  6:18  SCV x2  
  74  6:21  Barracks Reactor  
  74  6:26  Marine  
  75  6:35  Marine  
  75  6:39  Terran Infantry Armor Level 1  
  76  6:40  SCV x2  
  76  6:44  Refinery  
  78  6:47  Supply Depot  
  78  6:48  Supply Depot  
  78  6:55  Marine x4  
  78  6:56  Marine x2  
  84  7:09  Missile Turret  
  84  7:11  Missile Turret  
  76  7:57  Marine  
  76  7:58  Marine x6  
  76  8:04  Viking  
  76  8:05  Viking  
  83  8:06  Siege Tank, Armory  
  83  8:41  Marine x3  
  83  8:42  Marine x3  
  83  8:46  Marine  
  84  8:58  Medivac x2  
  83  9:05  Marine, Siege Tank  
  83  9:06  Marine x5  
  83  9:07  Marine x2  
  83  9:08  Concussive Shells  
  93  9:28  Marine x5, Medivac x2  
  93  9:29  Marine x3  
  96  9:46  Marine x3  
  97  9:54  Marine x4  
  97  9:55  Marine  
  97  9:56  Terran Infantry Weapons Level 2  
  97  9:58  Medivac x2  
  106  10:01  SCV x2  
  106  10:03  Marine  
  106  10:04  Marine  
  110  10:07  Supply Depot  
  110  10:09  Supply Depot  
  110  10:12  Supply Depot  
  110  10:29  Marine x5, Siege Tank  
  110  10:30  Marine x3  
  110  10:31  SCV  
  110  10:32  Supply Depot  
  110  10:34  Command Center  
  122  10:38  SCV  
  122  10:42  Medivac x2  
  127  10:43  SCV  
  127  10:46  Marine x5  
  127  10:48  Marine  
  94  11:23  Marine  
  94  11:24  Marine x6  
  94  11:25  Marine  
  99  11:34  SCV x2  
  101  11:41  Marine x2  
  101  11:42  Marine x3  
  101  11:46  SCV  
  105  11:52  Marine x3  
  108  11:59  Marine x3  
  108  12:00  Marine x2  
  111  12:09  Marine  
  111  12:10  Marine x2  
  114  12:17  Marine x3  
  117  12:24  Marine x2  
  117  12:27  Marine x2  
  117  12:28  Marine  
  122  12:35  Marine x3  
  123  12:42  Marine  
  121  12:52  Marine x4  
  121  12:53  Marine  
  121  12:54  Siege Tank  
  129  13:20  Marine x4  
  129  13:21  Marine x4  
  129  13:23  SCV  
  138  13:35  SCV  
  138  13:38  Marine x2  
  141  13:47  Marine x5, SCV  
  141  13:48  Marine  
  148  13:56  Marine x2  
  148  14:00  SCV  
  151  14:11  Marine x5  
  151  14:12  SCV  
  157  14:21  Marine  
  157  14:26  Marine x2  
  156  14:33  Marine  
  157  14:43  Supply Depot  
  157  14:46  Supply Depot  
  157  14:47  Supply Depot  
  157  14:48  Supply Depot x3  
  157  14:49  SCV  
Tags
 
Add a new tag
Caveats
  • Supply blocks, unpowered buildings, or Contaminate may cause inaccurate times.
  • Supply counts are checked every 10 seconds.